Cogmind - Beta 13 @@@ ROGUE MODE // 2024.06.30 @ 21:42:23 Player: Voidling Result: Self-destructed Performance ------------- Evolutions (2) 1000 Regions Visited (5) 1000 Robots Destroyed (6) 30 Value Destroyed (174) 174 Prototype IDs (1) 20 Alien Tech Used (0) 0 Bonus (0) 0 TOTAL SCORE: 2224 Bonus ------- None Cogmind --------- Core Integrity 322/550 Matter 249/300 Energy 79/100 System Corruption 0% Temperature Warning (348) Movement Core (200) Ox3 Location -8/Materials Parts ------- > --- POWER (1) -------- (None) > --- PROPULSION (4) --- (None) > --- UTILITY (3) ------ Medium Storage Unit Experimental Sensor Array Improved Signal Interpreter > --- WEAPON (3) ------- (None) > --- INVENTORY (10) --- Light Ion Engine Flight Unit Small Storage Unit Peak State ------------ > --- POWER ------------ Ion Engine > --- PROPULSION ------- Light Treads Light Treads > --- UTILITY ---------- Medium Storage Unit Experimental Sensor Array Improved Signal Interpreter > --- WEAPON ----------- Medium Laser Assault Rifle Assault Rifle > --- INVENTORY -------- Light Ion Engine Flight Unit Small Storage Unit [Rating: 19] Favorites ----------- Power Ion Engine Engine Ion Engine Propulsion Light Treads Treads Light Treads Utility Medium Storage Unit Device Experimental Sensor Array Storage Medium Storage Unit Processor Improved Signal Interpreter Weapon Assault Rifle Energy Gun Medium Laser Ballistic Gun Assault Rifle Build | -11 -10 -10 -10 -9 -8 ------- Run | Yrd Mat Min Exi Min Mat Slots Evolved 4 | . . . . . 4 Power . | . . . . . . Propulsion 2 | . . . . . 2 Utility 1 | . . . . . 1 Weapon 1 | . . . . . 1 Parts Attached 11 | 6 1 1 . . 3 Power 2 | 1 1 . . . . Engine 2 | 1 1 . . . . Core . | . . . . . . Reactor . | . . . . . . Propulsion 2 | 2 . . . . . Treads 2 | 2 . . . . . Leg . | . . . . . . Wheel . | . . . . . . Hover . | . . . . . . Flight . | . . . . . . Utility 4 | 1 . 1 . . 2 Device 1 | . . . . . 1 Storage 2 | 1 . 1 . . . Processor 1 | . . . . . 1 Hackware . | . . . . . . Protection . | . . . . . . Artifact . | . . . . . . Weapon 3 | 2 . . . . 1 Energy Gun 1 | . . . . . 1 Energy Cannon . | . . . . . . Ballistic Gun 2 | 2 . . . . . Ballistic Cannon . | . . . . . . Launcher . | . . . . . . Special Weapon . | . . . . . . Impact Weapon . | . . . . . . Slashing Weapon . | . . . . . . Piercing Weapon . | . . . . . . Special Melee Weapon . | . . . . . . Unidentified Prototypes 1 | . . . . . 1 Parts Lost 6 | . . . . . 6 Power 1 | . . . . . 1 Propulsion 2 | . . . . . 2 Utility . | . . . . . . Weapon 3 | . . . . . 3 Highest Loss Streak 6 | . . . . . 6 To Critical Strikes . | . . . . . . Average Slot Usage (%) 84 | . 85 85 85 85 74 Engine 13 | . 14 14 14 14 7 Treads 27 | . 28 28 28 28 15 Storage 13 | . 14 14 14 14 9 Ballistic Gun 27 | . 28 28 28 28 16 Naked Turns . | . . . . . . Heaviest Build 22 | 12 14 19 19 19 22 Greatest Support 40 | 40 40 40 40 40 40 Greatest Overweight (x) . | . . . . . . Average Overweight (x) . | . . . . . . Largest Inventory Capacity 10 | 8 8 10 10 10 10 Average Capacity 9 | 7 8 9 10 10 10 Most Carried 5 | 5 3 5 5 5 4 Average Carried 3 | 1 2 4 5 5 3 Final Capacity 10 | 8 8 10 10 10 10 Final Carried 5 | 2 3 5 5 5 3 Class Distribution -------------------- 93% | Mutant 6% | Skirmisher Dominant Class ---------------- Mutant | -10/Materials Mutant | -10/Mines Mutant | -10/Exiles Mutant | -9/Mines Skirmisher | -8/Materials Resources | -11 -10 -10 -10 -9 -8 ----------- Run | Yrd Mat Min Exi Min Mat Matter Collected 358 | 217 93 48 . . . Remotely . | . . . . . . Salvage Created 188 | . 140 . . . 48 Parts 7 | . 5 . . . 2 Haulers Intercepted . | . . . . . . Recyclers Shooed . | . . . . . . Parts Field Recycled . | . . . . . . Retrieved Matter . | . . . . . . Parts Self-Destructed . | . . . . . . Prevented . | . . . . . . Kills | -11 -10 -10 -10 -9 -8 ------- Run | Yrd Mat Min Exi Min Mat Combat Hostiles Destroyed 5 | . 4 . . . 1 Guns 5 | . 4 . . . 1 Classes Destroyed 4 | . 3 . . . 1 Watcher 1 | . 1 . . . . Swarmer 2 | . 2 . . . . Grunt 2 | . 2 . . . . Duelist 1 | . . . . . 1 Best Kill Streak 3 | . 3 . . . 1 Combat Bots Only 2 | . 2 . . . 1 Max Kills in Single Turn 1 | . 1 . . . 1 Gunslinging . | . . . . . . Exploded . | . . . . . . Melee . | . . . . . . Uniques/NPCs Destroyed . | . . . . . . Combat | -11 -10 -10 -10 -9 -8 -------- Run | Yrd Mat Min Exi Min Mat Hostile Shots Fired 83 | . 37 . . . 46 Missed 20 | . 15 . . . 5 Damage Taken 1020 | . 240 . . . 780 Core 290 | . 62 . . . 228 Absorbed by Shields . | . . . . . . Core Remaining (%) 87 | 100 . . . 75 . Volleys Fired 22 | . 17 . . . 5 Largest 3 | . 2 . . . 3 Hottest 90 | . 40 . . . 90 Shots Fired 48 | . 34 . . . 14 Gun 48 | . 34 . . . 14 Cannon . | . . . . . . Launcher . | . . . . . . Special . | . . . . . . Kinetic 43 | . 34 . . . 9 Thermal 5 | . . . . . 5 Explosive . | . . . . . . Electromagnetic . | . . . . . . Robot Hit Streak 6 | . 6 . . . 3 Robot Miss Streak 4 | . 3 . . . 4 Penetration Max . | . . . . . . Secondary Targets 3 | . 2 . . . 1 Max Gunslinging Chain 1 | . 1 . . . 1 Shots Hit Robots 26 | . 19 . . . 7 Core Hits 13 | . 9 . . . 4 Critical Kills . | . . . . . . Critical Parts Destroyed . | . . . . . . Critical Strikes . | . . . . . . Melee Attacks . | . . . . . . Impact . | . . . . . . Slashing . | . . . . . . Piercing . | . . . . . . Sneak Attacks . | . . . . . . Combat Hostiles . | . . . . . . Follow-up Attacks . | . . . . . . Damage Inflicted 387 | . 272 . . . 115 Guns 387 | . 272 . . . 115 Cannons . | . . . . . . Explosions . | . . . . . . Melee . | . . . . . . Ramming . | . . . . . . Kinetic 348 | . 272 . . . 76 Thermal 39 | . . . . . 39 Explosive . | . . . . . . Electromagnetic . | . . . . . . Impact . | . . . . . . Slashing . | . . . . . . Piercing . | . . . . . . Highest Corruption . | . . . . . . Average Corruption . | . . . . . . Corruption Purged . | . . . . . . Corruption Blocked . | . . . . . . Overload Shots . | . . . . . . Overflow Damage . | . . . . . . Projectiles . | . . . . . . Explosions . | . . . . . . Melee . | . . . . . . Knockbacks . | . . . . . . Impact . | . . . . . . Kinetic . | . . . . . . Secondary . | . . . . . . Self-Inflicted Damage . | . . . . . . Shots . | . . . . . . Rammed . | . . . . . . Targets Rammed . | . . . . . . Kicked . | . . . . . . Crushed . | . . . . . . Highest Temperature 330 | . 20 . . . 330 Average Temperature 107 | . 7 . . . 169 Received Heat Transfer 477 | . 108 . . . 369 Effects 1 | . . . . . 1 Energy Bleed 1 | . . . . . 1 Siege Activations . | . . . . . . Robots Corrupted . | . . . . . . Combat Hostiles . | . . . . . . Parts Fried . | . . . . . . Impact Corruptions . | . . . . . . Robots Melted . | . . . . . . Combat Hostiles . | . . . . . . Parts Melted . | . . . . . . Heat Transferred 111 | . . . . . 111 Parts Sabotaged . | . . . . . . Parts Stolen . | . . . . . . Parts Stripped . | . . . . . . Power Chain Reactions . | . . . . . . Alert | -11 -10 -10 -10 -9 -8 ------- Run | Yrd Mat Min Exi Min Mat Peak Influence 152 | . 152 58 . . 20 Initial 58 | . . 58 . . . Average 41 | . 70 58 . . . Maximum Alert Level . | . . . . . . Low Security (%) 100 | 100 100 100 . 100 100 Level 1 . | . . . . . . Level 2 . | . . . . . . Level 3 . | . . . . . . Level 4 . | . . . . . . Level 5 . | . . . . . . High Security . | . . . . . . Max Security . | . . . . . . Squads Dispatched 1 | . 1 . . . . Investigation . | . . . . . . Extermination . | . . . . . . Reinforcement 1 | . 1 . . . . Assault . | . . . . . . Garrison . | . . . . . . Intercept . | . . . . . . Searches Triggered . | . . . . . . Construction Impeded . | . . . . . . Haulers Reinforced . | . . . . . . Active Scanning Responses . | . . . . . . Cargo Convoy Interrupts . | . . . . . . Stealth | -11 -10 -10 -10 -9 -8 --------- Run | Yrd Mat Min Exi Min Mat Distress Signals . | . . . . . . Communications Jammed . | . . . . . . Distress Signals . | . . . . . . Times Spotted 16 | . 7 . . . 9 Peak Tracking Total 9 | . 4 . . . 9 Tactical Retreats . | . . . . . . Traps | -11 -10 -10 -10 -9 -8 ------- Run | Yrd Mat Min Exi Min Mat Traps Triggered . | . . . . . . Indirectly . | . . . . . . Trap Hack Attempts . | . . . . . . Triggered . | . . . . . . Disarmed . | . . . . . . Reprogrammed . | . . . . . . Reused . | . . . . . . Traps Extracted . | . . . . . . Installed . | . . . . . . Triggered . | . . . . . . Machines | -11 -10 -10 -10 -9 -8 ---------- Run | Yrd Mat Min Exi Min Mat Machines Disabled 1 | . 1 . . . . Max in Single Turn 1 | . 1 . . . . Machines Repaired . | . . . . . . Machines Dismantled . | . . . . . . Machines Sabotaged . | . . . . . . Overloaded Fab Kills . | . . . . . . Hacking | -11 -10 -10 -10 -9 -8 --------- Run | Yrd Mat Min Exi Min Mat Machines Accessed 1 | . . . 1 . . Terminals . | . . . . . . Fabricators . | . . . . . . Repair Stations . | . . . . . . Recycling Units . | . . . . . . Scanalyzers . | . . . . . . Garrison Access . | . . . . . . Total Hacks 2 | . . . 2 . . Successful 2 | . . . 2 . . Failed . | . . . . . . Catastrophic . | . . . . . . Database Lockouts . | . . . . . . Manual . | . . . . . . Terminals . | . . . . . . Fabricators . | . . . . . . Repair Stations . | . . . . . . Recycling Units . | . . . . . . Scanalyzers . | . . . . . . Garrison Access . | . . . . . . Terminal Hacks 2 | . . . 2 . . Record 2 | . . . 2 . . Fabricator Hacks . | . . . . . . Repair Station Hacks . | . . . . . . Recycling Unit Hacks . | . . . . . . Scanalyzer . | . . . . . . Garrison Access Hacks . | . . . . . . Unauthorized Hacks . | . . . . . . Terminals . | . . . . . . Fabricators . | . . . . . . Repair Stations . | . . . . . . Recycling Units . | . . . . . . Scanalyzers . | . . . . . . Garrison Access . | . . . . . . Data Cores Recovered . | . . . . . . Used . | . . . . . . Hacking Detections . | . . . . . . Full Trace Events . | . . . . . . Feedback Events . | . . . . . . Feedback Blocked . | . . . . . . Robot Schematics Acquired . | . . . . . . Robots Built . | . . . . . . Authchips . | . . . . . . Time . | . . . . . . Total Robot Build Rating . | . . . . . . Part Schematics Acquired . | . . . . . . Parts Built . | . . . . . . Authchips . | . . . . . . Time . | . . . . . . Total Part Build Rating . | . . . . . . Parts Repaired . | . . . . . . Time . | . . . . . . Parts Recycled . | . . . . . . Recycled Matter . | . . . . . . Retrieved Matter . | . . . . . . Retrieved Components . | . . . . . . Parts Scanalyzed . | . . . . . . Part Schematics Acquired . | . . . . . . Parts Damaged . | . . . . . . Bothacking | -11 -10 -10 -10 -9 -8 ------------ Run | Yrd Mat Min Exi Min Mat Used RIF Installer . | . . . . . . Robots Hacked . | . . . . . . Non-combat . | . . . . . . Combat . | . . . . . . Robot Hacks Applied . | . . . . . . Relay Couplers Released . | . . . . . . Fabnet Peak Effective % . | . . . . . . Robots Rewired . | . . . . . . Allies Hacked . | . . . . . . Hacks Repelled . | . . . . . . Allies | -11 -10 -10 -10 -9 -8 -------- Run | Yrd Mat Min Exi Min Mat Total Allies . | . . . . . . Largest Group . | . . . . . . Highest-Rated Group . | . . . . . . Highest-Rated Ally . | . . . . . . Total Orders . | . . . . . . Ally Attacks . | . . . . . . Total Damage . | . . . . . . Kills . | . . . . . . Allies Corrupted . | . . . . . . Allies Melted . | . . . . . . Intel | -11 -10 -10 -10 -9 -8 ------- Run | Yrd Mat Min Exi Min Mat Robot Analysis Total . | . . . . . . Derelict Logs Recovered . | . . . . . . Drone Launches . | . . . . . . Drone Recoveries . | . . . . . . Exploration | -11 -10 -10 -10 -9 -8 ------------- Run | Yrd Mat Min Exi Min Mat Turns Passed 1093 | 99 172 191 530 20 81 Spaces Moved 636 | 64 75 116 330 13 38 Core 15 | 15 . . . . . Treads 621 | 49 75 116 330 13 38 Legs . | . . . . . . Wheels . | . . . . . . Hover . | . . . . . . Flight . | . . . . . . Fastest Speed 50 | 50 160 160 160 160 160 Average Speed 157 | 134 160 160 160 160 160 Slowest Speed 160 | 160 160 160 160 160 160 Overloaded Moves . | . . . . . . Propulsion Burnouts . | . . . . . . Robots Hopped . | . . . . . . Cave-ins Triggered . | . . . . . . Exploration Rate (%) 26 | 6 22 36 77 9 6 Regions Visited 5 Branch Regions 3 Pre-discovered Areas 1 | . . . 1 . . Known Exits Taken . | . . . . . . Unknown Exits Taken 5 | 1 1 1 1 1 . Scrap Searched 1 | . . 1 . . . Spaces Dug . | . . . . . . Terrain Destroyed . | . . . . . . Melee . | . . . . . . Projectile . | . . . . . . AOE . | . . . . . . Terrain Rammed . | . . . . . . Walls Destroyed . | . . . . . . Machines Disabled . | . . . . . . Actions | -11 -10 -10 -10 -9 -8 --------- Run | Yrd Mat Min Exi Min Mat Total 682 | 77 93 121 332 12 47 Wait 6 | . . 3 3 . . Move 631 | 63 74 115 329 12 38 Hop . | . . . . . . Pick Up 12 | 8 1 2 . . 1 Fast Attach . | . . . . . . Attach 9 | 6 . . . . 3 Detach . | . . . . . . Swap 2 | . 1 1 . . . Drop . | . . . . . . Fire 22 | . 17 . . . 5 Melee . | . . . . . . Ram . | . . . . . . Kick . | . . . . . . Crush . | . . . . . . Escape Stasis . | . . . . . . Rewire . | . . . . . . Trap . | . . . . . . Miscellaneous . | . . . . . . Route ------- -11/Scrapyard -10/Materials -10/Mines -10/Exiles -9/Mines -8/Materials History --------- Turn | Location | Event 4 | -11/Scrapyard | Discovered new exit (range 15) 100 | -11/Scrapyard | Entered Materials 261 | -10/Materials | Discovered new exit (range 6) 272 | -10/Materials | Entered Mines 304 | -10/Mines | Build established: Mutant 433 | -10/Mines | Found a damaged Exp. Sensor Array with a note attached 440 | -10/Mines | Found Prototype Device 455 | -10/Mines | Deemed a non-threat by the Exiles lab entrance 455 | -10/Mines | Discovered new exit (range 5) 463 | -10/Mines | Entered Exiles 502 | -10/Exiles | Met 8R-AWN 550 | -10/Exiles | Met EX-HEX 639 | -10/Exiles | Met EX-DEC 703 | -10/Exiles | Visited The Gauntlet 913 | -10/Exiles | Learned location of Zion (-7) 972 | -10/Exiles | Discovered new exit (range 11) 993 | -10/Exiles | Entered Mines 1001 | -9/Mines | Discovered new exit (range 8) 1013 | -9/Mines | Entered Materials 1013 | -8/Materials | Evolved 4 slots: Propulsion x2, Utility x1, Weapon x1 1014 | -8/Materials | Identified Exp. Sensor Array 1094 | -8/Materials | Self-destructed Last Messages --------------- GOAL=ESCAPE EXIT=FOUND PARAMETERS=PROPULSION+2,UTILITY+1,WEAPON+1 LOCATION=UNKNOWN GOAL=ESCAPE Identified Exp. Sensor Array. Acquired Imp. Signal Interpreter. [Achievement: I Spy] Critical hit (Burn: +37). Lgt. Treads destroyed. L-31 Rogue destroyed. Switching to secondary target: G-47 Trooper. Assault Rifle destroyed. Lgt. Treads destroyed. Ion Engine destroyed. Critical hit (Burn: +37). Overheating: Energy bleed (-22). R-06 Scavenger collects Imp. Aluminum Leg. Assault Rifle destroyed. Med. Laser destroyed. Map ----- +----------------------------------------------------+ | | | | | | | | | | | | | | | | | | | | | | | | | | | | | | | | | | | | | ##############?????????#########?????????????????? | | # !!! #?????????# !#?????????????????? | | # """ !! #?????????#"S = #?????????????????? | | # """ ! #?????????#""" #?????????????????? | | # """ #?????????# "" #?????????????????? | | # #???####### ! #?????????????????? | | #######+########## ###/#########?????????????? | | ???# g !@l g ??????? | | ???# gg% g ??????? | | ???# grg ^ ^ ??????? | | ??## #####+### ###################???????? | | ??# #??# ### ##?????????????????????????? | | ??#! !#??# #?# #??????????????????????????? | | ??##!!!!##??# #?# #??????????????????????????? | | ???######???# #?# #??????????????????????????? | | ????????????# #?# #??????????????????????????? | | ????????????# #?# #??????????????????????????? | | ????????????# #?# #??????????????????????????? | | ????????????#####?# #??????????????????????????? | | ??????????????????# #??????????????????????????? | | ??????????????????# #??????????????????????????? | | ??????????????????/ r#??????????????????????????? | | ??????????????????# a??????????????????????????? | | ??????????????????? ????g???g???t?????????????? | | ??????????????????? ???a???g???????????????????? | | ?????????????????????????????????????????????????? | | ?????????????????????????????????????????????????? | | ?????????????????????????????????????????????????? | | ?????????????????????????????????????????????????? | | ?????????????????????????????????????????????????? | | ?????????????????????????????????????????????????? | | ?????????????????????????????????????????????????? | +----------------------------------------------------+ Best States ------------- Heat Dissipation 31 Energy Generation 10 Energy Capacity 250 Matter Stores 276 Matter Capacity 300 Sight Range 16 Robot Scan Range 20 Terrain Scan Density 10 Evasion (%) 50 Recoil Reduction 2 Item Schematics ----------------- None Robot Schematics ------------------ None Fabricated ------------ Nothing Alien Tech Used ----------------- None Achievements -------------- I Spy Challenges ------------ None Game ------ Seed SpreadRocketFacilitator Manual? 0 Play Time 00:10:34 Cumulative 3.1 hours Start 2024.06.30 @ 21:32:51 End 2024.06.30 @ 21:42:23 Sessions 1 Manual Loads 0 Difficulty Rogue Special Mode None Game No. 9 Rogue 7 Adventurer 2 Explorer 0 Win Type - Total 0 Types 0/0/0/0/0/0/0/0/0 Lore% 3 Gallery% 8 Achievement% 9 Wizard Run 0 Options --------- Layout 1 ASCII 0 Keyboard 0 Movement Numpad Keybinds 0 Fullscreen 1 Font 24/Smallcaps Map View 50x35 Zoom Use 0% Tactical HUD 0 Map Filters NONE Filters NONE Steam 1 RUN: 5bbca310-24d8-4938-9639-684fd1471cb1